 Dungeon Crawl Stone Soup version 0.26-a0-1164-g1a551d6a14 (webtiles) character file.

Game seed: 10304190819646525203

2374 vvl the Carver (level 9, 0/63 HPs)
             Began as a Demonspawn Fighter on Dec 24, 2020.
             Slain by Harold
             ... wielding a +0 dire flail
              (12 damage)
             ... on level 7 of the Dungeon.
             The game lasted 00:23:08 (8691 turns).

vvl the Carver (Demonspawn Fighter)                 Turns: 8691, Time: 00:23:08

Health: 0/63       AC: 23    Str: 19    XL:     9   Next: 21%
Magic:  0/9        EV:  0    Int:  9    God:
Gold:   6          SH: 10    Dex: 14    Spells: 8/8 levels left

rFire    + . .     SeeInvis +   z - +0 long sword
rCold    + . .     Faith    .   c - +0 kite shield
rNeg     . . .     Spirit   +   y - +0 gold dragon scales
rPois    +         Reflect  .   (no helmet)
rElec    .         Harm     .   (no cloak)
rCorr    .         Rampage  .   (no gloves)
Will     .....                  (no boots)
Stlth    ..........             (no amulet)
HPRegen  0.20/turn              j - ring of flight
MPRegen  0.11/turn              A - ring of see invisible

@: marked, sanguine armour
A: talons 1, spiny 1, magic shield, sanguine armour 2
a: Evoke Flight


You were on level 7 of the Dungeon.
You visited 1 branch of the dungeon, and saw 8 of its levels.
You also visited: Sewer.

You collected 390 gold pieces.
You spent 384 gold pieces at shops.

Inventory:

Hand Weapons
 t - a +0 dagger of venom
 x - a +1 vampiric dagger
 z - a +0 long sword (weapon)
 F - the +1 dagger "Qeivotir" {vorpal, *Slow +Inv Str+5 SInv, unknown}
   (You found it on level 6 of the Dungeon)

   It inflicts extra damage upon your enemies.
   It affects your strength (+5).
   It lets you see invisible.
   It lets you turn invisible.
   It may slow you when you take damage.
Armour
 c - a +0 kite shield (worn)
 y - +0 gold dragon scales (worn)
Magical Staves
 E - an uncursed staff of poison {unknown}
Jewellery
 e - an uncursed ring of stealth
 f - an uncursed amulet of faith
 j - a ring of flight (left hand)
 r - an uncursed ring of resist corrosion
 A - a ring of see invisible (right hand)
 J - a +6 ring of intelligence {unknown}
Wands
 a - a wand of polymorph (22)
Scrolls
 b - a scroll of magic mapping {unknown}
 g - 3 scrolls of noise
 h - 5 scrolls of random uselessness
 k - 2 scrolls of blinking {unknown}
 m - a scroll of immolation {unknown}
 n - 5 scrolls of amnesia
 p - 3 scrolls of enchant weapon
 q - a scroll of fear {unknown}
 u - 2 scrolls of teleportation {unknown}
 v - 4 scrolls of remove curse
 B - 2 scrolls of holy word
 C - a scroll of vulnerability
Potions
 d - 2 potions of might
 i - 3 potions of attraction
 l - 7 potions of curing
 o - a potion of mutation
 s - a potion of brilliance {unknown}
 w - 2 potions of magic
 D - a potion of flight {unknown}
 G - a potion of degeneration {unknown}
 H - a potion of heal wounds
 I - a potion of lignification


   Skills:
 - Level 3.0 Fighting
 * Level 8.2 Long Blades
 - Level 5.0 Armour
 + Level 4.8 Shields
 + Level 6.3 Necromancy


You had 8 spell levels left.
You didn't know any spells.
Your spell library contained the following spells:

 Spells                   Type           Power        Failure   Level
 Magic Dart               Conj           0%           100%        1
 Blink                    Tloc           N/A          100%        2
 Call Imp                 Summ           0%           100%        2
 Slow                     Hex            0%           100%        2
 Conjure Flame            Conj/Fire      0%           100%        3
 Mephitic Cloud           Conj/Pois/Air  0%           100%        3


Dungeon Overview and Level Annotations

Branches:
Dungeon (8/15)             Temple (0/1) D:6           Sewer (visited)
   Lair: D:8-11

Altars:
Dithmenos
Elyvilon
Hepliaklqana
Makhleb
Nemelex Xobeh
Sif Muna
Vehumet
The Shining One

Shops:
D:5 ?   D:7 !

Annotations:
D:7 Harold


Innate Abilities, Weirdness & Mutations

You have sharp toenails.
You are partially covered in sharp spines.
When hurt, damage is shared between your health and your magic reserves.
When seriously injured, your bleeding wounds create thick armour. (AC +9)


Message History

Harold is severely wounded.
Harold is struck by your spines. Harold hits you but does no damage.
You hit Harold but do no damage. Your kick misses Harold.
Harold is severely wounded.
Harold hits you with a +0 dire flail!
* * * LOW HITPOINT WARNING * * *
You hit Harold but do no damage. You claw Harold, but do no damage.
Harold is severely wounded.
You block Harold's attack.
You completely miss Harold. You claw Harold, but do no damage.
Harold is severely wounded.
Harold hits you with a +0 dire flail.
* * * LOW HITPOINT WARNING * * *
You hit Harold but do no damage.
Harold is severely wounded.
Harold hits you with a +0 dire flail!
* * * LOW HITPOINT WARNING * * *
You feel better. Harold is struck by your spines.
Harold hits you with a +0 dire flail!
You die...

######.####....#.##### #
######.>..............# #
#........#.#....#.###.#########
#.####.........................
#.# #.#.####...#.####....#####
#.####.#.# #...#.####....## #
#....#.#.####...#.##.......# #
####.#.#......(.#.##.......# #
#.#........@.#.##.......# #
#.##########@#.#####..### #
#......# #....#####.## #
#..###.### ##..........# #
#....#.#.. ...........## #
#.##.#.#.# #...........# #
#.##.#.#.# #.........#.## #
#.##.#.#.# #.........#..# #
#.##.#.#.# #.........##.###


You could see Harold.

Vanquished Creatures
  A black bear (D:7)
  A phantom (D:7)
  An orc warrior (D:6)
  3 ogres
  A centaur (D:7)
  5 big kobolds (Sewer)
  3 bullfrogs
  2 scorpions
  A water moccasin skeleton (D:5)
  4 howler monkeys
  2 bullfrog zombies (D:7)
  3 hounds
  2 jellies
  2 orc priests (D:6)
  4 orc wizards
  A quasit (D:7)
  2 centaur skeletons
  An iguana (D:6)
  Terence (D:2)
  4 worker ants
  A river rat (Sewer)
  6 adders
  A shadow imp (D:6)
  2 white imps
  2 ufetubi
  7 oozes
  An adder skeleton (D:6)
  6 worms
  3 dart slugs
  8 leopard geckos
  30 orcs
  7 giant cockroaches
  11 goblins
  9 hobgoblins
  3 jackals (D:8)
  13 kobolds
  3 quokkas
  3 ball pythons (Sewer)
  8 bats
  2 frilled lizards
  A jackal skeleton (D:6)
  A leopard gecko skeleton (D:4)
  13 rats
185 creatures vanquished.

Notes
Turn   | Place    | Note
-------+----------+-------------------------------------------
     0 | D:1      | vvl the Demonspawn Fighter began the quest for the Orb.
     0 | D:1      | Reached XP level 1. HP: 18/18 MP: 1/1
    76 | D:1      | Reached skill level 2 in Long Blades
   179 | D:1      | Found a glowing golden altar of the Shining One.
   252 | D:1      | Gained mutation: When hurt, damage is shared between your
                  | health and your magic reserves. [demonic ancestry]
   252 | D:1      | Reached XP level 2. HP: 15/24 MP: 2/2
   799 | D:2      | Reached skill level 3 in Long Blades
   799 | D:2      | Reached skill level 1 in Necromancy
   814 | D:2      | Gained mutation: You have sharp toenails. [demonic
                  | ancestry]
   814 | D:2      | Reached XP level 3. HP: 21/29 MP: 3/3
  2040 | D:2      | Noticed Terence
  2047 | D:2      | Killed Terence
  2048 | D:2      | Gained mutation: When seriously injured, your bleeding
                  | wounds create armour. (AC +9) [demonic ancestry]
  2048 | D:2      | Reached XP level 4. HP: 29/35 MP: 2/4
  2422 | D:3      | Reached skill level 4 in Long Blades
  2427 | D:3      | Reached XP level 5. HP: 27/41 MP: 2/5
  2586 | D:3      | Found a burning altar of Makhleb.
  2737 | D:3      | Found a shimmering blue altar of Sif Muna.
  2864 | D:3      | Found a glowing golden altar of the Shining One.
  3506 | D:4      | Reached XP level 6. HP: 38/47 MP: 4/6
  3513 | D:4      | Reached skill level 5 in Long Blades
  3902 | D:4      | Found a sand-covered staircase.
  4172 | D:4      | Found a white marble altar of Elyvilon.
  4807 | D:5      | Entered Level 5 of the Dungeon
  4852 | D:5      | Found a glowing drain.
  4875 | Sewer    | Entered a sewer
  4910 | Sewer    | Reached XP level 7. HP: 52/52 MP: 7/7
  5226 | Sewer    | Reached skill level 6 in Long Blades
  5883 | D:5      | Gained mutation: When seriously injured, your bleeding
                  | wounds create thick armour. (AC +9) [demonic ancestry]
  5883 | D:5      | Reached XP level 8. HP: 58/58 MP: 8/8
  6102 | D:5      | Found a radiant altar of Vehumet.
  6165 | D:5      | Reached skill level 5 in Necromancy
  6332 | D:5      | Reached skill level 7 in Long Blades
  6348 | D:5      | Found Caemm's Magic Scroll Emporium.
  6356 | D:5      | Bought a scroll of identify for 22 gold pieces
  6356 | D:5      | Bought a scroll of identify for 22 gold pieces
  6356 | D:5      | Bought a scroll of identify for 22 gold pieces
  6356 | D:5      | Bought a scroll of holy word for 82 gold pieces
  6356 | D:5      | Bought a scroll of vulnerability for 82 gold pieces
  6657 | D:6      | Found a shadowy altar of Dithmenos.
  6983 | D:6      | Found a sparkling altar of Nemelex Xobeh.
  7053 | D:6      | You fall into a shaft and drop 2 floors!
  7320 | D:6      | Found a hazy altar of Hepliaklqana.
  7437 | D:6      | Got a faintly glowing dagger
  7553 | D:6      | Found a staircase to the Ecumenical Temple.
  8039 | D:7      | Gained mutation: You are partially covered in sharp spines.
                  | [demonic ancestry]
  8039 | D:7      | Reached XP level 9. HP: 42/63 MP: 9/9
  8151 | D:7      | Reached skill level 8 in Long Blades
  8203 | D:7      | Found Douvvatt's Distillery.
  8233 | D:7      | Bought a potion of heal wounds for 70 gold pieces
  8233 | D:7      | Bought a potion of lignification for 42 gold pieces
  8233 | D:7      | Bought a potion of curing for 42 gold pieces
  8489 | D:7      | Reached skill level 5 in Armour
  8659 | D:7      | Noticed Harold
  8691 | D:7      | Slain by Harold

Illustrated notes

Levels and vault maps discovered:
D:1:      noname_arrival_rooms_in_the_neighbourhood, layout_basic,
          chequers_serial_rivers_small_3, tso_metal_star
D:2:      layout_basic, uniq_terence
D:3:      layout_basic, makhleb_heckhound_becter, led_sif_book,
          lemuel_round_altar, grunt_ministairs_12
D:4:      layout_basic, elyvilon_altar_4, lightli_ossuary_entry_decrepit_ruins,
          kennysheep_generic_room_16
D:5:      layout_loops_ring, lemuel_round_altar, gup_sewer_entry_pipe,
          serial_shops, kennysheep_mini_moat, minmay_fractal_squares_gapless_5
D:6:      layout_loops_ring, nzn_hepliaklqana_mist_gate,
          minmay_temple_entry_from_below_a, basic_altar,
          nemelex_xobeh_ov_fountains_minmay
D:7:      layout_basic, serial_shops, shop, grunt_decor_cap, minivault_5,
          uniq_harold
D:8:      layout_layer_cave, gammafunk_temple_overflow_wave, lemuel_round_altar,
          lair_entry_dummy, fedhas_altar_2, uniq_maggie, uniq_pikel, uniq_psyche

Skill      XL: |  1  2  3  4  5  6  7  8  9 |
---------------+----------------------------+-----
Long Blades    | 2 3 4 5 6 7 8 |  8.2
Necromancy     | 1 2 3 4 6 |  6.3
Armour         | 3 4 5 |  5.0
Shields        | 3 4 |  4.8
Fighting       | |  3.0

Action                   |  1- 3 |  4- 6 |  7- 9 || total
-------------------------+-------+-------+-------++-------
Melee: Long sword        |   138 |   189 |   488 ||   815
       Kick              |    14 |    43 |   147 ||   204
  Use: Scroll            |       |       |     9 ||     9
       Potion            |       |       |     1 ||     1
Armor: Scale mail        |    60 |    65 |       ||   125
       Gold dragon scale |       |    23 |   317 ||   340
Dodge: Dodged            |    46 |    40 |    14 ||   100
Block: Kite shield       |    74 |    99 |   206 ||   379
       Rpst.: Long sword |    18 |    10 |     1 ||    29

Table legend: (Time is in decaauts)
 A = Elapsed time spent in this place.
 B = Non-inter-level travel time spent in this place.
 C = Inter-level travel time spent in this place.
 D = Time resting spent in this place.
 E = Time spent auto-exploring this place.
 F = Levels seen in this place.
 G = Mean time per level.
                   A        B        C        D        E       F      G
               +--------+--------+--------+--------+--------+-----+--------+
         Total |   9021 |   8417 |    604 |      0 |   6860 |   9 | 1002.3 |
       Dungeon |   8133 |   7529 |    604 |      0 |   6331 |   8 | 1016.6 |
         Sewer |    887 |    887 |      0 |      0 |    529 |   1 |  887.0 |
               +--------+--------+--------+--------+--------+-----+--------+

Top non-repeatable levels by time:
     D:2: 1581 daAuts
     D:4: 1527 daAuts
     D:6: 1148 daAuts
     D:3: 1087 daAuts
     D:5: 1063 daAuts
     D:7: 951 daAuts
   Sewer: 887 daAuts
     D:1: 720 daAuts
     D:8: 52 daAuts
